 Dungeon Crawl Stone Soup version 0.23.2-33-g5129a83184 (webtiles) character file.

Game seed: 13300955729990188177

1410 FishyPogo the Ruffian (level 8, 0/72 HPs)
             Began as a Naga Transmuter on Aug 8, 2019.
             Was a Believer of Dithmenos.
             Slain by a centaur (7 damage)
             ... on level 6 of the Dungeon.
             The game lasted 00:20:53 (5135 turns).

FishyPogo the Ruffian (Naga Transmuter)             Turns: 5135, Time: 00:20:54

Health: 0/72       AC:  5    Str: 20    XL:     8   Next: 70%
Magic:  7/11       EV: 15    Int: 14    God:    Dithmenos [**....]
Gold:   356        SH:  0    Dex: 16    Spells: 5/11 levels left

rFire    . . .     SeeInvis +     - Unarmed
rCold    . . .     Gourm    .   (no shield)
rNeg     . . .     Faith    .   b - +0 robe
rPois    +         Spirit   .   (no helmet)
rElec    .         Reflect  .   r - +1 cloak
rCorr    .         Harm     .   (no gloves)
MR       +....                  (no barding)
Stlth    +++.......             (no amulet)
HPRegen  0.22/turn              (no ring)
MPRegen  0.12/turn              (no ring)

@: mighty, agile, appendage, very slightly contaminated, wreathed by umbra,
heavily drained, very slow
A: large, horns 2, see invisible, deformed body, poison resistance, slowness 2,
slow metabolism 1, spit poison 1, AC +2
a: Spit Poison, End Transformation, Shadow Step, Renounce Religion


You were on level 6 of the Dungeon.
You worshipped Dithmenos.
Dithmenos was pleased with you.
You were not hungry.
You had grown temporary horns.
You visited 1 branch of the dungeon, and saw 6 of its levels.

You collected 356 gold pieces.

Inventory:

Missiles
 a - 71 arrows
 j - 171 stones (quivered)
Armour
 b - a +0 robe (worn)
 r - a +1 cloak (worn)
 u - a +0 shield
Jewellery
 l - an uncursed amulet of harm
Wands
 s - a wand of iceblast (8)
Scrolls
 c - 7 scrolls of identify {unknown}
 f - 2 scrolls of enchant armour {unknown}
 g - 2 scrolls of remove curse {unknown}
 i - 7 scrolls of teleportation {unknown}
 n - 2 scrolls of fog {unknown}
 o - 3 scrolls of random uselessness {unknown}
 p - 3 scrolls of blinking {unknown}
 q - 2 scrolls of immolation {unknown}
 v - 2 scrolls of amnesia {unknown}
 x - 4 scrolls of fear {unknown}
 y - 2 scrolls of enchant weapon {unknown}
Potions
 e - 5 potions of curing
 h - 2 potions of mutation {unknown}
 k - a potion of might
 m - a potion of brilliance {unknown}
 t - a potion of agility
 w - a potion of lignification {unknown}
 z - a potion of invisibility {unknown}
 A - a potion of ambrosia {unknown}
Comestibles
 d - 11 rations


   Skills:
 + Level 4.3(2.6) Fighting
 + Level 3.4(1.7) Dodging
 + Level 1.8(0.2) Stealth
 * Level 6.1(4.3) Unarmed Combat
 - Level 2.0(0.4) Spellcasting
 + Level 4.8(3.1) Transmutations
 + Level 2.5(0.9) Ice Magic
 - Level 5.0(3.2) Poison Magic


You had 5 spell levels left.
You knew the following spells:

 Your Spells              Type           Power        Failure   Level  Hunger
a - Beastly Appendage     Tmut           #.....       8%          1    ##.....
b - Ensorcelled Hibernat  Hex/Ice        #.....       34%         2    ###....
c - Spider Form           Tmut/Pois      #.........   22%         3    ####...

Your spell library contained the following spells:

 Spells                   Type           Power        Failure   Level  Hunger
 Sticks to Snakes         Tmut           #.......     12%         2    ###....
 Corona                   Hex            #......      28%         1    ##.....
 Confuse                  Hex            #.......     63%         3    ####...
 Dazzling Spray           Conj/Hex       #.....       63%         3    ####...
 Tukima's Dance           Hex            #.......     63%         3    ####...
 Ice Form                 Ice/Tmut       #.......     77%         4    #####..
 Blade Hands              Tmut           #.........   91%         5    ######.


Dungeon Overview and Level Annotations

Branches:
Dungeon (6/15)
 Temple: D:4-7

Altars:
Cheibriados
Dithmenos
Elyvilon
Gozag
Hepliaklqana
Makhleb
Nemelex Xobeh
Qazlal
Yredelemnul
The Shining One

Annotations:
D:2 1 runed translucent door, 1 exclusion


Innate Abilities, Weirdness & Mutations

You cannot wear boots.
Your serpentine skin is tough. (AC +2)
You have supernaturally acute eyesight. (SInv)
Armour fits poorly on your strangely shaped body.
Your system is resistant to poisons. (rPois)
You cover ground very slowly.
You have a slow metabolism.
You can spit poison.
You have a pair of horns on your head.


Message History

You have got your breath back.
The centaur hits you but does no damage.
You barely miss the centaur.
The centaur hits you but does no damage.
The centaur hits you!
* * * LOW HITPOINT WARNING * * *
Okay, then.
Okay, then.
It was a potion of agility.
You feel agile all of a sudden. The centaur closely misses you.
Okay, then.
You remove your amulet of harm.
The amulet drains your life force as you remove it!
You feel drained. The centaur hits you.
* * * LOW HITPOINT WARNING * * *
It was a potion of might.
You feel very mighty all of a sudden. The centaur hits you!
You die...

#.............................
#.......#######.##............
#.......# #.####..........
#.......# #.# #..........
#.......#######'####..........
#............((...############
#.......<....(....#
#............(....# ##
#............@S?).# #.
####.........c......8 #.#
#..............#.! #.##
............#.## ..# #
............# # ≈.# #
............# Y≈≈.# #
............# .≈≈ #.
..........### .≈ #.## #.#


You could see a centaur and an adder.

Vanquished Creatures
  Edmund (D:4)
  2 sky beasts
  3 ogres
  2 bullfrogs
  A scorpion (D:4)
  A crimson imp (D:5)
  A bullfrog skeleton (D:4)
  3 hounds
  An orc priest (D:3)
  2 jellies (D:5)
  2 iguanas
  3 orc wizards (D:3)
  3 worker ants (D:5)
  2 hound skeletons
  A hound zombie (D:5)
  8 adders
  3 oozes
  An adder zombie (D:5)
  3 worms
  2 dart slugs
  3 leopard geckos
  10 orcs
  6 giant cockroaches
  5 goblins
  7 hobgoblins
  5 jackals
  3 quokkas
  10 bats
  5 frilled lizards
  A jackal skeleton (D:5)
  3 kobolds
  10 rats
113 creatures vanquished.

Notes
Turn   | Place    | Note
-------+----------+-------------------------------------------
     0 | D:1      | FishyPogo the Naga Transmuter began the quest for the Orb.
     0 | D:1      | Reached XP level 1. HP: 18/18 MP: 3/3
   241 | D:1      | Reached XP level 2. HP: 17/25 MP: 5/5
   741 | D:1      | Reached XP level 3. HP: 32/32 MP: 6/6
   929 | D:2      | Found a runed translucent door.
  1081 | D:2      | Found a shadowy altar of Dithmenos.
  1089 | D:2      | Became a worshipper of Dithmenos the Shadowed
  1682 | D:3      | Found a snail-covered altar of Cheibriados.
  1682 | D:3      | Found a white marble altar of Elyvilon.
  1683 | D:3      | Found a hazy altar of Hepliaklqana.
  1698 | D:3      | Reached XP level 4. HP: 39/39 MP: 7/7
  1969 | D:3      | Found a basalt altar of Yredelemnul.
  2075 | D:3      | Found a glowing golden altar of the Shining One.
  2102 | D:3      | Reached skill level 4 in Unarmed Combat
  2102 | D:3      | Reached XP level 5. HP: 27/46 MP: 8/8
  2104 | D:3      | Reached * piety under Dithmenos
  2630 | D:3      | Reached XP level 6. HP: 55/56 MP: 7/9
  2963 | D:4      | Learned a level 2 spell: Ensorcelled Hibernation
  2967 | D:4      | Learned a level 3 spell: Spider Form
  3091 | D:4      | Reached skill level 1 in Poison Magic
  3136 | D:4      | Noticed Edmund
  3177 | D:4      | Killed Edmund
  3177 | D:4      | Reached XP level 7. HP: 41/62 MP: 7/10
  3242 | D:4      | Reached skill level 1 in Ice Magic
  3381 | D:4      | Found a burning altar of Makhleb.
  3385 | D:4      | Reached skill level 5 in Unarmed Combat
  3583 | D:4      | Found a stormy altar of Qazlal.
  3800 | D:5      | Entered Level 5 of the Dungeon
  4102 | D:5      | Reached ** piety under Dithmenos
  4169 | D:5      | Found an opulent altar of Gozag.
  4226 | D:5      | Reached XP level 8. HP: 72/72 MP: 7/11
  4657 | D:5      | Found a sparkling altar of Nemelex Xobeh.
  5085 | D:6      | Reached skill level 1 in Stealth
  5087 | D:6      | Reached skill level 6 in Unarmed Combat
  5087 | D:6      | Reached skill level 5 in Poison Magic
  5135 | D:6      | Slain by a centaur

Skill      XL: |  1  2  3  4  5  6  7  8 |
---------------+-------------------------+-----
Fighting       | 2 3 4 |  4.3
Dodging        | 2 3 |  3.4
Unarmed Combat | 4 5 6 |  6.1
Transmutations | 3 4 |  4.8
Poison Magic   | 2 3 5 |  5.0
Ice Magic      | 1 2 |  2.5
Stealth        | 1 |  1.8
Spellcasting   | |  2.0

Action                   |  1- 3 |  4- 6 |  7- 9 || total
-------------------------+-------+-------+-------++-------
Melee: Unarmed           |    38 |   135 |   140 ||   313
       Headbutt          |     2 |    12 |     9 ||    23
       Punch             |     1 |     2 |     1 ||     4
 Cast: Beastly Appendage |     5 |    21 |    13 ||    39
       Spider Form       |       |     1 |     6 ||     7
 Abil: Spit Poison       |    32 |    31 |    22 ||    85
  Use: Potion            |       |     1 |     3 ||     4
 Stab: Sleeping          |       |       |     2 ||     2
  Eat: Chunk             |     3 |     7 |     8 ||    18
Armor: Robe              |     3 |    36 |    16 ||    55
       Skin              |       |       |     1 ||     1
Dodge: Dodged            |    15 |    80 |    89 ||   184
Block: Shield            |       |     4 |       ||     4
